 Dungeon Sprint DCSS version 0.24-a0-592-g9a1d66b0e3 (webtiles) character file.

Game seed: 17790592692983475494, levelgen mode: deterministic

15852 MordorOrchid the Nimble (level 12, -23/82 HPs)
             Began as an Octopode Venom Mage on Sept 9, 2019.
             Was a High Priest of Sif Muna.
             Killed from afar by a frost giant (57 damage)
             ... with a bolt of cold
             ... in the Dungeon (Sprint IX: "|||||||||||||||||||||||||||||").
             The game lasted 00:37:10 (2275 turns).

MordorOrchid the Nimble (Octopode Venom Mage)       Turns: 2275, Time: 00:37:12

Health: -23/82     AC:  3    Str: 13    XL:     12   Next: 31%
Magic:  13/28      EV: 21    Int: 25    God:    Sif Muna [*****.]
Gold:   22         SH:  0    Dex: 14    Spells: 2/35 levels left

rFire    . . .     SeeInvis +   p - +2 halberd "Amecin" {freeze, rN+ Int+4}
rCold    . . .     Gourm    .   (shield currently unavailable)
rNeg     + . .     Faith    .   L - +2 hat
rPois    .         Spirit   .   (no amulet)
rElec    .         Reflect  .   q - +3 ring of strength
rCorr    .         Harm     .   r - +3 ring of strength
MR       +....     NoTele   +   M - ring of see invisible
Stlth    +++.......             N - ring of protection from magic
HPRegen  1.23/turn              (no ring)
MPRegen  0.21/turn              (no ring)
                                (no ring)
                                (no ring)

@: regenerating (expiring)
A: almost no armour, stealthy swim, amphibious, 8 rings, constrict 8, camouflage
1, gelatinous body 1
a: Channel Magic, Forget Spell, Divine Exegesis, Renounce Religion


You were in the Dungeon.
You worshipped Sif Muna.
Sif Muna was extremely pleased with you.
You were not hungry.

You visited 1 branch You collected 1907 gold pieces.
You spent 1885 gold pieces at shops.

Inventory:

Hand Weapons
 g - a +0 shortbow
 n - a +4 quarterstaff of speed
 o - a +2 scimitar of flaming
 p - the +2 halberd "Amecin" (weapon) {freeze, rN+ Int+4}
   (You found it in the Dungeon)

   It has been specially enchanted to freeze those struck by it, causing extra
   injury to most foes and up to half again as much damage against particularly
   susceptible opponents.
   It can also slow down cold-blooded creatures.
   It affects your intelligence (+4).
   It protects you from negative energy.
 y - a +1 dagger of draining
 B - a +2 rapier of distortion
 D - a +1 trident of distortion
 K - a +0 dagger of chaos
 P - a +4 long sword of holy wrath
 Q - a +1 longbow
Missiles
 s - 12 arrows
Armour
 L - a +2 hat (worn)
Magical Staves
 x - an uncursed staff of energy
Jewellery
 q - a +3 ring of strength (left tentacle)
 r - a +3 ring of strength (right tentacle)
 z - an uncursed ring of flight
 M - a ring of see invisible (on tentacle)
 N - a ring of protection from magic (on tentacle)
 O - an uncursed ring of fire
Wands
 l - a wand of iceblast (6)
 E - a wand of clouds (10)
 H - a wand of paralysis (20)
 I - a wand of polymorph (8)
 J - a wand of enslavement (9)
Scrolls
 h - 3 scrolls of blinking
 j - 4 scrolls of remove curse
 k - 2 scrolls of amnesia
 m - 4 scrolls of enchant weapon
 v - 3 scrolls of fog
 w - 3 scrolls of identify
 G - a scroll of enchant armour
 S - a scroll of fear
Potions
 a - 3 potions of might
 c - 6 potions of curing
 d - 3 potions of heal wounds
 e - a potion of haste
 f - 5 potions of magic
 t - a potion of berserk rage
 u - 2 potions of brilliance
 A - a potion of flight
 F - a potion of lignification
 R - 3 potions of mutation
Comestibles
 b - 13 rations


   Skills:
 - Level 8.1 Fighting
 - Level 3.0 Short Blades
 - Level 10.0 Polearms
 + Level 12.7 Dodging
 - Level 3.6 Stealth
 - Level 12.2 Spellcasting
 - Level 10.2 Conjurations
 - Level 3.2 Hexes
 - Level 3.4 Charms
 - Level 4.1 Summonings
 - Level 4.2 Necromancy
 * Level 8.8 Ice Magic
 * Level 9.5 Air Magic
 - Level 3.2 Earth Magic
 - Level 5.0 Poison Magic
 + Level 8.5 Invocations
 + Level 9.2 Evocations


You had 2 spell levels left.
You knew the following spells:

 Your Spells              Type           Power        Failure   Level  Hunger
a - Sting                 Conj/Pois      ####         1%          1    None
b - Olgreb's Toxic Radia  Pois           #####...     4%          4    None
c - Confuse               Hex            ####....     3%          3    None
f - Venom Bolt            Conj/Pois      ######....   4%          5    ###....
g - Mephitic Cloud        Conj/Pois/Air  ######..     1%          3    None
i - Stone Arrow           Conj/Erth      #####.       1%          3    None
k - Regeneration          Chrm/Necr      ####......   2%          3    None
l - Freezing Cloud        Conj/Ice/Air   ######....   12%         6    #####..
p - Poisonous Vapours     Pois/Air       ######       1%          2    None
s - Call Canine Familiar  Summ           #####...     2%          3    None

Your spell library contained the following spells:

 Spells                   Type           Power        Failure   Level  Hunger
 Freeze                   Ice            ####         1%          1    None
 Magic Dart               Conj           ####         1%          1    None
 Shock                    Conj/Air       ####         1%          1    None
 Slow                     Hex            ####....     1%          2    None
 Throw Flame              Conj/Fire      #####.       1%          2    None
 Throw Frost              Conj/Ice       ######       1%          2    None
 Passwall                 Tmut/Erth      ###.....     3%          2    None
 Conjure Flame            Conj/Fire      #####...     1%          3    None
 Dazzling Spray           Conj/Hex       #####.       1%          3    None
 Iskenderun's Mystic Bla  Conj           ######..     1%          4    None
 Throw Icicle             Conj/Ice       ######..     1%          4    None
 Sticky Flame             Conj/Fire      #####...     4%          4    None
 Inner Flame              Hex/Fire       ###.....     6%          3    None
 Ice Form                 Ice/Tmut       #####...     6%          4    None
 Iskenderun's Battlesphe  Conj/Chrm      #####...     7%          5    ###....
 Silence                  Hex/Air        #####.....   8%          5    ###....
 Metabolic Englaciation   Hex/Ice        #####.....   10%         5    ###....
 Cause Fear               Hex            ####......   11%         4    None
 Leda's Liquefaction      Hex/Erth       ####......   11%         4    None
 Gell's Gravitas          Tloc           ###.......   12%         3    None
 Fireball                 Conj/Fire      #####.....   14%         5    ###....
 Irradiate                Conj/Tmut      #####.....   14%         5    ###....
 Petrify                  Tmut/Erth      ###.....     21%         4    None
 Aura of Abjuration       Summ           #####.....   21%         5    ###....
 Summon Demon             Summ           #####.....   21%         5    ###....
 Summon Mana Viper        Hex/Summ       ####....     24%         5    ###....
 Deflect Missiles         Chrm/Air       #####.....   38%         6    #####..
 Simulacrum               Ice/Necr       #####.....   38%         6    #####..
 Summon Forest            Summ/Tloc      ####......   43%         5    ###....
 Orb of Destruction       Conj           ######....   45%         7    ######.
 Invisibility             Hex            ####....     85%         6    #####..
 Spellforged Servitor     Conj/Summ      ######....   86%         7    ######.
 Summon Hydra             Summ           #####.....   99%         7    ######.
 Lehudib's Crystal Spear  Conj/Erth      #####.....   100%        8    #######
 Summon Horrible Things   Summ           #####.....   100%        8    #######
 Glaciate                 Conj/Ice       ######....   100%        9    #######


Dungeon Overview and Level Annotations

Branches:
Dungeon (1/1)

Altars:
Cheibriados
Dithmenos
Elyvilon
Fedhas
Gozag
Hepliaklqana
Kikubaaqudgha
Makhleb
Nemelex Xobeh
Okawaru
Qazlal
Ru
Sif Muna
Trog
Uskayaw
Vehumet
Wu Jian
Xom
Yredelemnul
Zin
The Shining One
Beogh
Jiyva
Lugonu

Shops:
D :*}(


Innate Abilities, Weirdness & Mutations

You cannot wear most types of armour.
You are very stealthy in the water. (Stealth+)
You are amphibious.
You can wear up to eight rings at the same time.
You can use your tentacles to constrict eight enemies at once.
Your skin changes colour to match your surroundings (Stealth+).
Your rubbery body absorbs attacks. (AC +1, EV +1)


Message History

Aim: a frost giant, wielding a +2 battleaxe of freezing (heavily wounded, poisoned, confused)
The bolt of poison hits the frost giant!!
The frost giant looks even sicker.
The frost giant is almost dead.
The frost giant seems less confused.
A yaktaur comes into view.
The frost giant misses you.
Casting: Venom Bolt (safe; 4% risk of failure)
Confirm with . or Enter, or press ? or * to list all spells.
Aiming: Venom Bolt (safe; 4% risk of failure)
Press: ? - help, Shift-Dir - straight line, f/p - frost giant
Aim: a frost giant, wielding a +2 battleaxe of freezing (almost dead, poisoned)
The bolt of poison hits the frost giant!
The frost giant looks even sicker.
The frost giant is almost dead.
You feel less invigorated.
The yaktaur hits the yaktaur.
The frost giant gestures at you while chanting.
The bolt of cold hits you!!!
Ouch! That really hurt!
You die...

..')[..........'÷........'.)÷..÷.
▓▓▓▓▓▓▓▓▓▓▓▓▓▓▓▓▓▓▓▓▓▓▓▓▓▓▓▓▓▓▓▓▓
.................................
▓▓▓▓▓▓▓▓▓▓▓▓▓▓▓▓▓▓▓▓▓▓▓▓▓▓▓▓▓▓▓▓▓
.)..∩.∩.∩.∩.[)))'..).....)))[')..
▓▓▓▓▓▓▓▓▓▓▓▓▓▓▓▓▓▓▓▓▓▓▓▓▓▓▓▓▓▓▓▓▓
..................[.....†........
▓▓▓▓▓▓▓▓▓▓▓▓▓▓▓▓▓▓▓▓▓▓▓▓▓▓▓▓▓▓▓▓▓
.cc..)'C@........[[[[[[[[
▓▓▓▓▓▓▓▓▓▓▓▓▓▓▓▓▓▓▓▓▓▓▓▓▓


You could see a frost giant and 2 yaktaurs.

Vanquished Creatures
  Gastronok (D)
  A stone giant (D)
  A catoblepas (D)
  A centaur warrior (D)
  3 orc high priests (D)
  A hell knight (D)
  A glowing orange brain (D)
  3 orc knights (D)
  A manticore (D)
  2 orc sorcerers (D)
  An ugly thing (D)
  A black mamba (D)
  Psyche (D)
  A spiny frog (D)
  An efreet (D)
  A komodo dragon (D)
  A yaktaur (shapeshifter) (D)
  2 polar bears (D)
  A troll (D)
  A hippogriff (D)
  A slime creature (D)
  5 yaks (D)
  A soldier ant (D)
  4 water moccasins (D)
  A porcupine (D)
  9 orc warriors (D)
  6 black bears (D)
  A sky beast (D)
  An eye of draining (D)
  A tengu (shapeshifter) (D)
  2 crocodiles (D)
  A centaur (D)
  4 bullfrogs (D)
  A killer bee (D)
  A howler monkey (D)
  2 orc priests (D)
  5 orc wizards (D)
  A worker ant (D)
  2 shadow imps (D)
  An adder zombie (D)
  A leopard gecko (D)
  16 orcs (D)
  A bat (D)
  A hobgoblin (D)
  A quokka (D)
  2 frilled lizards (D)
  A goblin (D)
99 creatures vanquished.

Vanquished Creatures (others)
  A giant cockroach zombie (D)
  2 blocks of ice (D)
3 creatures vanquished.

Grand Total: 102 creatures vanquished

Notes
Turn   | Place    | Note
-------+----------+-------------------------------------------
     0 | D        | MordorOrchid the Octopode Venom Mage began the quest for
                  | the Orb.
     0 | D        | Reached XP level 1. HP: 11/11 MP: 3/3
     4 | D        | Reached skill level 1 in Fighting
    39 | D        | Noticed a water moccasin
    39 | D        | Noticed a worker ant
    47 | D        | Reached XP level 2. HP: 15/21 MP: 0/5
   115 | D        | Reached XP level 3. HP: 16/26 MP: 2/7
   119 | D        | Reached skill level 5 in Poison Magic
   123 | D        | Killed a water moccasin
   123 | D        | Reached skill level 5 in Dodging
   123 | D        | Reached skill level 5 in Spellcasting
   123 | D        | Reached XP level 4. HP: 8/31 MP: 3/11
   123 | D        | Reached XP level 5. HP: 10/36 MP: 3/13
   143 | D        | Found a roughly hewn altar of Beogh.
   143 | D        | Found a snail-covered altar of Cheibriados.
   143 | D        | Found a shadowy altar of Dithmenos.
   143 | D        | Found a white marble altar of Elyvilon.
   143 | D        | Found a blossoming altar of Fedhas.
   143 | D        | Found an opulent altar of Gozag.
   144 | D        | Found a hazy altar of Hepliaklqana.
   145 | D        | Found a viscous altar of Jiyva.
   146 | D        | Found an ancient bone altar of Kikubaaqudgha.
   147 | D        | Found a corrupted altar of Lugonu.
   148 | D        | Found a burning altar of Makhleb.
   149 | D        | Found a sparkling altar of Nemelex Xobeh.
   150 | D        | Found an iron altar of Okawaru.
   151 | D        | Found a stormy altar of Qazlal.
   152 | D        | Found a sacrificial altar of Ru.
   153 | D        | Found a shimmering blue altar of Sif Muna.
   154 | D        | Found a bloodstained altar of Trog.
   155 | D        | Found a hide-covered altar of Uskayaw.
   156 | D        | Found a radiant altar of Vehumet.
   157 | D        | Found an ornate altar of the Wu Jian Council.
   158 | D        | Found a shimmering altar of Xom.
   159 | D        | Found a basalt altar of Yredelemnul.
   160 | D        | Found a glowing silver altar of Zin.
   161 | D        | Became a worshipper of Sif Muna the Loreminder
   162 | D        | Found a glowing golden altar of the Shining One.
   180 | D        | Got the +2 halberd "Amecin" {freeze, rN+ Int+4}
   196 | D        | Learned a level 4 spell: Olgreb's Toxic Radiance
   200 | D        | Learned a level 3 spell: Mephitic Cloud
   203 | D        | Learned a level 2 spell: Poisonous Vapours
   209 | D        | Learned a level 5 spell: Venom Bolt
   334 | D        | Noticed a sky beast
   334 | D        | Noticed a centaur
   334 | D        | Noticed a yak
   339 | D        | Reached skill level 1 in Short Blades
   339 | D        | Reached skill level 1 in Invocations
   339 | D        | Reached skill level 1 in Evocations
   344 | D        | Killed a yak
   344 | D        | Reached skill level 5 in Conjurations
   344 | D        | Reached XP level 6. HP: 35/42 MP: 3/16
   348 | D        | Reached * piety under Sif Muna
   349 | D        | Killed a sky beast
   349 | D        | Reached XP level 7. HP: 38/46 MP: 3/18
   486 | D        | Noticed a manticore
   486 | D        | Noticed a soldier ant
   486 | D        | Noticed a slime creature
   494 | D        | Killed a slime creature
   494 | D        | Reached ** piety under Sif Muna
   494 | D        | Reached skill level 5 in Invocations
   494 | D        | Reached skill level 5 in Evocations
   684 | D        | Killed a soldier ant
   684 | D        | Reached XP level 8. HP: 52/52 MP: 17/21
   688 | D        | Killed a manticore
   688 | D        | Reached *** piety under Sif Muna
   688 | D        | Reached skill level 5 in Polearms
   807 | D        | Noticed a yak
   807 | D        | Noticed a yak
   807 | D        | Noticed a hippogriff
   812 | D        | Reached skill level 1 in Air Magic
   820 | D        | Killed a hippogriff
   820 | D        | Reached XP level 9. HP: 50/58 MP: 8/22
   824 | D        | Reached **** piety under Sif Muna
   829 | D        | Reached skill level 5 in Fighting
   843 | D        | Reached ***** piety under Sif Muna
   968 | D        | Noticed a black mamba
   968 | D        | Noticed a komodo dragon
   968 | D        | Noticed a spiny frog
   973 | D        | Identified Sif Muna's Handbook of Creative Arcane Weapons
                  | (Sif Muna gifted it to you in the Dungeon)
   973 | D        | Received a gift from Sif Muna
   975 | D        | Killed a spiny frog
   975 | D        | Reached skill level 10 in Spellcasting
   985 | D        | Reached skill level 10 in Dodging
   994 | D        | Killed a komodo dragon
  1175 | D        | Killed a black mamba
  1175 | D        | Reached XP level 10. HP: 65/69 MP: 24/24
  1198 | D        | Identified Sif Muna's Incunabulum of Helpful Execration
                  | (Sif Muna gifted it to you in the Dungeon)
  1198 | D        | Received a gift from Sif Muna
  1230 | D        | Learned a level 3 spell: Confuse
  1234 | D        | Learned a level 3 spell: Call Canine Familiar
  1244 | D        | Reached skill level 1 in Hexes
  1244 | D        | Reached skill level 1 in Summonings
  1249 | D        | Reached skill level 10 in Conjurations
  1302 | D        | Learned a level 3 spell: Stone Arrow
  1416 | D        | Identified Segruuz's Incunabulum of Glacial Shape Shifting
                  | (Sif Muna gifted it to you in the Dungeon)
  1416 | D        | Received a gift from Sif Muna
  1459 | D        | Identified Sif Muna's Almanac of Helpful Translocation (Sif
                  | Muna gifted it to you in the Dungeon)
  1459 | D        | Received a gift from Sif Muna
  1460 | D        | Reached skill level 1 in Earth Magic
  1490 | D        | Learned a level 3 spell: Regeneration
  1490 | D        | Noticed an orc knight
  1502 | D        | Killed an orc knight
  1502 | D        | Reached skill level 1 in Charms
  1502 | D        | Reached skill level 1 in Necromancy
  1507 | D        | Noticed an orc sorcerer
  1510 | D        | Noticed a soul eater
  1551 | D        | Killed an orc sorcerer
  1551 | D        | Identified Sif Muna's Compendium of Attacks (Sif Muna
                  | gifted it to you in the Dungeon)
  1551 | D        | Received a gift from Sif Muna
  1693 | D        | Found Biliuff's Antique Weapon Boutique.
  1693 | D        | Noticed an orc knight
  1697 | D        | Identified Fuuny's Volume of the Firefly (Sif Muna gifted
                  | it to you in the Dungeon)
  1697 | D        | Received a gift from Sif Muna
  1704 | D        | Noticed an orc high priest
  1713 | D        | Killed an orc knight
  1713 | D        | Reached XP level 11. HP: 63/77 MP: 2/25
  1760 | D        | Killed an orc high priest
  1815 | D        | Noticed an orc knight
  1818 | D        | Noticed an orc sorcerer
  1825 | D        | Killed an orc knight
  1825 | D        | Reached ****** piety under Sif Muna
  1825 | D        | Killed an orc sorcerer
  1863 | D        | Found Oralaput's Gadget Shop.
  1867 | D        | Found Wipoh's General Store.
  1867 | D        | Noticed an orc high priest
  1872 | D        | Killed an orc high priest
  1872 | D        | Identified Sif Muna's Almanac of Curses and Moulding (Sif
                  | Muna gifted it to you in the Dungeon)
  1872 | D        | Received a gift from Sif Muna
  1872 | D        | Reached skill level 10 in Polearms
  1898 | D        | Noticed an orc high priest
  1903 | D        | Noticed a sixfirhy
  1909 | D        | Killed an orc high priest
  1978 | D        | Found Puleok's Book Shop.
  2004 | D        | Learned a level 6 spell: Freezing Cloud
  2036 | D        | Bought a runed trident for 169 gold pieces
  2038 | D        | Bought a wand of clouds (6) for 420 gold pieces
  2038 | D        | Bought a wand of clouds (4) for 336 gold pieces
  2040 | D        | Bought a potion of lignification for 36 gold pieces
  2040 | D        | Bought a ration for 60 gold pieces
  2040 | D        | Bought a ration for 60 gold pieces
  2044 | D        | Bought 2 scrolls of identify for 48 gold pieces
  2044 | D        | Bought a scroll of enchant armour for 90 gold pieces
  2046 | D        | Bought a wand of paralysis (8) for 140 gold pieces
  2046 | D        | Bought a wand of paralysis (12) for 196 gold pieces
  2046 | D        | Bought a wand of polymorph (8) for 140 gold pieces
  2046 | D        | Bought a wand of enslavement (9) for 154 gold pieces
  2048 | D        | Bought a scroll of remove curse for 36 gold pieces
  2089 | D        | Noticed Psyche
  2093 | D        | Killed Psyche
  2093 | D        | Reached skill level 1 in Ice Magic
  2102 | D        | Noticed Gastronok
  2113 | D        | Killed Gastronok
  2167 | D        | Found the +6 shillelagh "Devastator" {shatter}
  2216 | D        | Noticed a centaur warrior
  2216 | D        | Noticed a red ugly thing
  2217 | D        | Killed a red ugly thing
  2217 | D        | Reached skill level 5 in Ice Magic
  2217 | D        | Identified Sif Muna's Handbook of the Supportive Snowflakes
                  | (Sif Muna gifted it to you in the Dungeon)
  2217 | D        | Received a gift from Sif Muna
  2219 | D        | Killed a centaur warrior
  2220 | D        | Noticed a catoblepas
  2226 | D        | Noticed a stone giant
  2230 | D        | Killed a catoblepas
  2230 | D        | Reached XP level 12. HP: 65/82 MP: 6/28
  2234 | D        | Noticed a hell knight
  2241 | D        | Killed a stone giant
  2249 | D        | Killed a hell knight
  2262 | D        | Noticed a frost giant
  2275 | D        | Killed from afar by a frost giant

Levels and vault maps discovered:
D:        linesprint [early_d, line_temple, items_1, d_10, items_2, lair_1,
          lair_end, items_3, orc_1, orc_end, items_4, d_15, swamp_1, shoals_1,
          snake_1, spider_1, d_20, vaults_1, items_5, swamp_end, shoals_end,
          snake_end, spider_end, vaults_end, d_27, items_6, zot_1, zot_end,
          crypt_end, forest_end, elf_end, slime_end, tomb_end, abyss_end,
          pan_hell_end]

Skill      XL: |  1  2  3  4  5  6  7  8  9 10 11 12 |
---------------+-------------------------------------+-----
Fighting       | 3 4 6 7 8 |  8.1
Stealth        | 3 |  3.6
Spellcasting   | 3 5 7 8 9 10 12 | 12.2
Conjurations   | 2 4 5 6 7 9 10 | 10.2
Poison Magic   | 4 5 |  5.0
Dodging        | 5 6 7 8 10 11 12 | 12.7
Short Blades   | 3 |  3.0
Invocations    | 3 4 5 6 8 |  8.5
Evocations     | 3 4 5 6 9 |  9.2
Polearms       | 3 5 7 9 10 | 10.0
Air Magic      | 2 4 7 9 |  9.5
Hexes          | 3 |  3.2
Summonings     | 4 |  4.1
Earth Magic    | 3 |  3.2
Charms         | 2 3 |  3.4
Necromancy     | 2 4 |  4.2
Ice Magic      | 6 8 |  8.8

Action                   |  1- 3 |  4- 6 |  7- 9 | 10-12 || total
-------------------------+-------+-------+-------+-------++-------
Melee: Unarmed           |     3 |       |       |       ||     3
       Constrict         |     3 |       |     7 |     6 ||    16
       Tentacles         |     2 |     2 |     9 |    16 ||    29
       Dagger            |     9 |       |       |    18 ||    27
       Rapier            |       |     7 |     1 |       ||     8
       Halberd           |       |       |    34 |    21 ||    55
       Staff             |       |       |     2 |     1 ||     3
 Cast: Sting             |     9 |       |       |       ||     9
       Olgreb's Toxic Ra |       |     2 |     3 |    12 ||    17
       Mephitic Cloud    |       |     1 |     7 |    32 ||    40
       Venom Bolt        |       |       |     7 |    57 ||    64
       Regeneration      |       |       |       |     9 ||     9
       Poisonous Vapours |       |       |       |     8 ||     8
       Glaciate          |       |       |       |     2 ||     2
Invok: Channel Magic     |       |       |     3 |    10 ||    13
       Divine Exegesis   |       |       |       |     2 ||     2
Evoke: Staff of energy   |       |       |     9 |    73 ||    82
       Wand              |       |       |     2 |     2 ||     4
  Use: Potion            |     1 |     1 |     2 |       ||     4
       Scroll            |       |       |     1 |       ||     1
 Stab: Sleeping          |       |     1 |       |       ||     1
       Confused          |       |       |     2 |     6 ||     8
       Petrified         |       |       |       |     5 ||     5
  Eat: Chunk             |       |       |     5 |    18 ||    23
       Ration            |       |       |       |     1 ||     1
Armor: Skin              |     2 |       |     3 |     2 ||     7
Dodge: Dodged            |    11 |     7 |    38 |    40 ||    96

Table legend:
 A = Non-vault XP
 B = Vault XP
 C = Vault XP percentage of total XP
 D = Non-vault monster count
 E = Vault monster count
 F = Vault count percentage of total count
                 A         B        C        D         E       F
            +---------+---------+-------+---------+---------+-------
      Total |       0 |   22646 | 100.0 |       0 |      99 | 100.0
            +---------+---------+-------+---------+---------+-------
          D |       0 |   22646 | 100.0 |       0 |      99 | 100.0
            +---------+---------+-------+---------+---------+-------
